Map: Pillars of Gold LE

Players

MysteryMan (Rilakkuma)

  • Race: Zerg Zerg
  • Spawn Location: 7:00

ExpecT - Winner!

  • Race: Terran Terran
  • Spawn Location: 1:00

Event: DreamHack SC2 Masters 2020 Winter

VOD

Have the link to the VOD?

Description

Time

  • Played on: Oct. 21, 2020, 9:50 a.m.
  • Length: 10:26

All games in this series

Show
View Real Time Build Order
Export as new Build Order

MysteryMan Zerg 

Build Orders: Hatch First, Muta Ling Bane 

Get SALT Encoding   

  12  0:00  Drone  
  13  0:12  Overlord  
  13  0:20  Drone  
  14  0:31  Drone x2  
  16  0:50  Hatchery  
  16  0:52  Drone  
  16  0:56  Drone  
  17  1:00  Drone  
  18  1:09  Extractor  
  17  1:15  Spawning Pool  
  16  1:18  Drone  
  16  1:22  Drone  
  18  1:29  Drone  
  19  1:38  Drone  
  20  1:49  Overlord  
  20  2:01  Queen x2  
  20  2:02  Zergling x4  
  26  2:11  Drone  
  26  2:13  Drone  
  28  2:25  Hatchery  
  28  2:29  Spore Crawler  
  26  2:33  Drone  
  28  2:39  Drone, Metabolic Boost  
  28  2:42  Drone x2  
  31  2:50  Queen  
  33  2:55  Overlord  
  33  2:58  Drone  
  33  3:01  Drone  
  35  3:08  Drone  
  36  3:15  Drone x4  
  36  3:16  Overlord  
  36  3:18  Drone  
  41  3:22  Drone  
  41  3:26  Queen  
  44  3:32  Overlord  
  44  3:34  Drone  
  44  3:40  Drone x2  
  47  3:44  Overlord  
  47  3:45  Overlord  
  47  3:47  Drone x2  
  49  3:55  Queen, Baneling Nest  
  48  4:00  Zergling x6  
  53  4:05  Queen  
  53  4:08  Drone  
  53  4:09  Drone  
  57  4:10  Drone  
  57  4:13  Drone  
  57  4:16  Drone  
  57  4:17  Drone x2  
  61  4:20  Drone x2  
  61  4:24  Drone x3  
  66  4:27  Zergling x4  
  68  4:32  Zergling x6  
  71  4:41  Zergling x4  
  71  4:42  Zergling x4  
  71  4:43  Zergling x2  
  71  4:52  Drone x4  
  62  5:02  Drone x3  
  65  5:10  Drone x6  
  65  5:13  Lair  
  71  5:19  Drone  
  71  5:22  Extractor  
  71  5:25  Extractor  
  71  5:26  Drone x3  
  72  5:29  Extractor  
  72  5:30  Extractor  
  72  5:32  Drone  
  72  5:33  Drone x3  
  74  5:36  Overlord  
  74  5:42  Overlord x2  
  74  5:47  Spore Crawler  
  73  5:56  Drone x4  
  77  5:58  Drone x5  
  77  6:01  Hatchery  
  77  6:03  Drone x2  
  83  6:05  Extractor  
  83  6:07  Overlord  
  83  6:08  Zergling x4  
  83  6:09  Zergling x2  
  85  6:13  Zergling x4  
  85  6:17  Overlord  
  87  6:19  Centrifical Hooks  
  87  6:24  Drone  
  87  6:25  Spore Crawler, Drone x3  
  90  6:27  Zergling x2  
  90  6:31  Zergling x8  
  95  6:39  Zergling x10  
  99  6:44  Baneling x11  
  99  6:48  Zergling x6  
  99  6:52  Drone  
  103  6:54  Spire  
  103  6:59  Drone x2  
  103  7:00  Overlord, Drone x2  
  106  7:02  Zergling x6  
  108  7:12  Zergling x6  
  108  7:13  Zergling x4  
  113  7:21  Zergling x2  
  113  7:22  Zergling x2  
  115  7:24  Zergling x2  
  115  7:25  Zergling x4  
  115  7:28  Overlord  
  116  7:35  Zergling x12  
  122  7:40  Spire  
  122  7:43  Overlord  
  122  7:45  Zergling x8  
  122  7:46  Zergling x4  
  122  7:48  Baneling  
  122  7:49  Baneling x2  
  128  7:51  Overlord  
  128  7:53  Drone x2  
  128  7:57  Extractor  
  129  8:04  Drone x2  
  131  8:08  Mutalisk x6  
  131  8:09  Mutalisk  
  145  8:13  Drone  
  145  8:15  Overlord  
  145  8:17  Zergling x12  
  152  8:23  Overlord x2  
  152  8:24  Evolution Chamber  
  152  8:25  Overlord x2  
  152  8:26  Evolution Chamber  
  150  8:27  Zerg Flyer Weapons Level 1  
  150  8:33  Mutalisk x2  
  153  8:37  Overseer  
  153  8:38  Pneumatized Carapace, Drone x2  
  153  8:39  Drone x3  
  158  8:46  Zergling x10  
  158  8:47  Hatchery  
  158  8:48  Baneling x10  
  162  8:50  Zergling x4  
  162  8:51  Zergling x2  
  165  8:58  Zergling x14  
  170  9:07  Zergling x6  
  170  9:08  Baneling x2  
  170  9:09  Baneling x8  
  152  9:21  Zergling x14  
  152  9:22  Zergling x6  
  136  9:30  Mutalisk x2  
  136  9:31  Mutalisk  
  126  9:33  Zergling x2  
  117  9:45  Zergling x10  
  98  9:51  Zergling x8  
  98  9:56  Drone x2  
  98  9:57  Drone  
  98  9:58  Drone  
  91  10:03  Zergling x6  
  90  10:07  Zergling x2  
Show
View Real Time Build Order
Export as new Build Order

ExpecT Terran - Winner!

Build Orders: Liberator Opening, Reaper Expand 

Get SALT Encoding   

  12  0:00  SCV  
  13  0:12  SCV  
  14  0:18  Supply Depot  
  14  0:24  SCV  
  15  0:39  SCV  
  15  0:41  Barracks  
  16  0:46  Refinery  
  16  0:51  SCV  
  17  1:03  SCV  
  18  1:17  SCV  
  19  1:28  Reaper  
  19  1:30  Orbital Command  
  20  1:43  Command Center  
  20  1:53  Supply Depot  
  20  1:55  SCV  
  20  2:00  Marine  
  22  2:08  Factory  
  22  2:11  SCV  
  23  2:17  Refinery  
  23  2:23  Barracks Reactor, SCV  
  24  2:35  SCV  
  25  2:48  SCV  
  26  2:53  Starport  
  26  2:54  Hellion  
  26  2:56  Orbital Command  
  28  2:59  Marine x2  
  28  3:00  SCV  
  31  3:12  SCV  
  32  3:17  Marine x2  
  34  3:21  Hellion  
  34  3:22  SCV  
  34  3:24  SCV  
  38  3:28  Supply Depot  
  38  3:29  Medivac  
  40  3:35  Marine x2  
  40  3:37  SCV x2  
  44  3:43  Hellion  
  46  3:50  SCV x2  
  46  3:55  Supply Depot, Marine x2  
  48  3:59  Liberator  
  53  4:04  SCV  
  53  4:06  Factory Tech Lab  
  54  4:17  SCV  
  54  4:19  SCV  
  54  4:20  Supply Depot  
  56  4:29  SCV, Command Center  
  57  4:41  Factory Reactor  
  57  4:42  SCV x2  
  58  4:51  Marine  
  58  4:52  Stimpack  
  59  4:56  SCV x2  
  54  5:01  Starport Reactor  
  54  5:04  Barracks  
  54  5:05  Barracks  
  54  5:07  Engineering Bay  
  54  5:08  SCV x2, Supply Depot, Engineering Bay  
  55  5:14  Marine  
  56  5:27  SCV  
  56  5:28  SCV, Factory Tech Lab  
  58  5:30  Refinery x2  
  58  5:32  Marine  
  58  5:35  Terran Infantry Weapons Level 1, Terran Infantry Armor Level 1  
  59  5:39  SCV  
  59  5:40  SCV  
  61  5:43  Orbital Command  
  61  5:48  Siege Tank  
  61  5:49  Medivac  
  66  5:52  SCV x2  
  66  5:56  Marine x3  
  71  5:59  Barracks  
  71  6:02  Barracks  
  71  6:03  Marine x2  
  73  6:07  SCV x2  
  73  6:09  Medivac  
  77  6:15  Marine x2  
  77  6:16  Supply Depot, Marine  
  80  6:18  Supply Depot  
  80  6:19  Orbital Command  
  80  6:20  Siege Tank  
  83  6:26  SCV x2  
  85  6:35  Marine x2  
  85  6:36  Marine x3  
  85  6:38  SCV x2  
  85  6:39  Armory, Combat Shield  
  92  6:45  SCV  
  93  6:48  Barracks Reactor  
  93  6:50  SCV, Supply Depot, Barracks Reactor  
  93  6:54  SCV  
  95  6:57  SCV  
  96  7:08  Marine x4  
  96  7:11  Siege Tank  
  96  7:13  Marine  
  101  7:16  SCV x3  
  101  7:21  Refinery  
  101  7:22  Supply Depot  
  104  7:24  Marine x2  
  104  7:26  Marine x4, Liberator x2  
  115  7:33  SCV x3  
  115  7:36  Terran Infantry Weapons Level 2  
  117  7:43  Marine x5  
  122  7:45  Supply Depot  
  122  7:46  Supply Depot, Marine x3  
  125  7:56  Marine, Siege Tank  
  129  8:03  Terran Infantry Armor Level 2  
  129  8:04  Supply Depot x2  
  129  8:05  Marine x4  
  133  8:07  Marine x2  
  133  8:11  Medivac  
  137  8:12  Marine  
  137  8:13  Marine  
  137  8:14  Marine  
  140  8:22  Marine  
  140  8:23  Marine x2  
  143  8:28  Marine x3  
  143  8:30  Marine x2  
  143  8:31  Marine  
  149  8:34  Medivac  
  149  8:36  Siege Tank  
  149  8:40  Marine  
  149  8:41  Medivac, Marine x2  
  157  8:43  Supply Depot  
  157  8:46  Marine  
  160  8:48  Command Center  
  160  8:53  Marine x2  
  160  8:54  Marine x2  
  164  9:00  Barracks  
  164  9:01  Barracks  
  164  9:02  Barracks  
  164  9:07  Marine x3  
  164  9:09  Siege Tank  
  164  9:19  Marine x2  
  164  9:20  Marine x2  
  155  9:31  SCV  
  155  9:32  SCV x2  
  145  9:41  Siege Tank  
  145  9:45  Marine x4  
  122  9:48  Medivac x2  
  122  9:49  Marine x2  
  122  9:50  Marine x3  
  124  10:02  Marine  
  124  10:03  SCV x3, Marine x3  
  120  10:07  Missile Turret x2  
  120  10:10  Missile Turret  
  126  10:25  Missile Turret  
Tags
 
Add a new tag
Caveats
  • Supply blocks, unpowered buildings, or Contaminate may cause inaccurate times.
  • Supply counts are checked every 10 seconds.